 Dungeon Crawl Stone Soup version 0.28.0-53-g5a82cb258f (webtiles) character file.

Game seed: 8439142028640783771

28 H0rd4k the Charlatan (level 3, 0/26 HPs)
             Began as a Human Artificer on June 24, 2022.
             Slain by a jackal (2 damage)
             ... on level 1 of the Dungeon.
             The game lasted 00:01:41 (1575 turns).

H0rd4k the Charlatan (Human Artificer)              Turns: 1575, Time: 00:01:42

Health: 0/26       AC:  3    Str: 12    XL:     3   Next: 27%
Magic:  3/3        EV: 11    Int: 13    God:
Gold:   32         SH:  0    Dex: 13    Spells: 2/2 levels left

rFire   . . .      SeeInvis .   a - +0 club
rCold   . . .      Faith    .   (no shield)
rNeg    . . .      Spirit   .   b - +0 leather armour
rPois   .          Reflect  .   (no helmet)
rElec   .          Harm     .   (no cloak)
rCorr   .          Rampage  .   (no gloves)
Will    .....                   (no boots)
Stlth   +.........              (no amulet)
HPRegen 0.08/turn               (no ring)
MPRegen 0.08/turn               (no ring)

@: no status effects
A: no striking features
a: no special abilities


You were on level 1 of the Dungeon.
You visited 1 branch of the dungeon, and saw 2 of its levels.

You collected 32 gold pieces.

Inventory:

Hand Weapons
 a - a +0 club (weapon)
Armour
 b - a +0 leather armour (worn)
Wands
 c - a wand of flame (9) (quivered)
 d - a wand of charming (13)
Scrolls
 g - a scroll of identify {unknown}
 h - a scroll of magic mapping {unknown}
Potions
 f - 2 potions of degeneration {unknown}
Miscellaneous
 e - a piece from Xom's chessboard (15/15)


   Skills:
 + Level 1.6 Fighting
 + Level 0.2 Maces & Flails
 - Level 2.0 Armour
 + Level 1.3 Dodging
 - Level 1.0 Stealth
 + Level 3.7 Evocations


You had 2 spell levels left.
You didn't know any spells.
Your spell library contained the following spells:

 Spells                   Type           Power      Damage    Failure   Level
 Pain                     Necr           0%         1d4       36%         1
 Agony                    Necr           0%         N/A       100%        5
 Excruciating Wounds      Necr           0%         N/A       100%        5


Dungeon Overview and Level Annotations

Branches:
Dungeon (2/15)

Altars:

Annotations:
D:2 Jessica


Message History

You hit the jackal but do no damage.
The jackal is almost dead.
The jackal closely misses you. x2
You barely miss the jackal.
The jackal is severely wounded.
The jackal bites you.
You miss the jackal.
The jackal is severely wounded.
The jackal barely misses you. The jackal closely misses you.
You barely miss the jackal.
The jackal is severely wounded.
The jackal barely misses you. x2
You hit the jackal but do no damage.
The jackal is heavily wounded.
The jackal closely misses you. The jackal misses you.
You barely miss the jackal.
The jackal is heavily wounded.
The jackal barely misses you. The jackal closely misses you.
You hit the jackal.
You kill the jackal!
The jackal barely misses you.
You hit the jackal.
The jackal is heavily wounded.
The jackal barely misses you. The jackal completely misses you.
You closely miss the jackal.
The jackal is heavily wounded.
The jackal bites you.
* * * LOW HITPOINT WARNING * * *
The jackal bites you.
* * * LOW HITPOINT WARNING * * *
You hit the jackal.
The jackal is almost dead.
The jackal bites you.
* * * LOW HITPOINT WARNING * * *
The jackal bites you.
* * * LOW HITPOINT WARNING * * *
You closely miss the jackal. Your punch misses the jackal.
The jackal is almost dead.
The jackal bites you.
You die...

#### #.# #....# #.#
##########.###..############.#
#..................##.........
#.#############.#....(.......#
#.# #.##.##.######## #.#
###.#####.######## ####.##
#.........>..÷.... ......#
#.#######.######## ####..# #@#
#.# #..# #h### #.# #..# #...#
#.# #..# #...# ### # #..#
♣♣♣♣♣♣ #...# ♣♣ #
##.#♣♣P≈..♣♣#...#♣♣P.≈ #
.#♣8≈≈^......[....^≈≈ #
♣♣≈≈..♣..P....♣..≈P #
♣♣♣♣♣♣♣♣..P♣♣♣ ♣♣♣ #


You could see a jackal.

Vanquished Creatures
  A worm (D:2)
  A dart slug (D:1)
  2 giant cockroaches
  2 goblins (D:1)
  2 hobgoblins
  3 jackals (D:1)
  3 ball pythons
  2 frilled lizards (D:1)
  2 kobolds (D:1)
  A rat (D:2)
19 creatures vanquished.

Vanquished Creatures (collateral kills)
  A hobgoblin (D:2)
  A jackal (D:2)
2 creatures vanquished.

Vanquished Creatures (others)
  2 fungi (D:2)
  13 plants
15 creatures vanquished.

Grand Total: 36 creatures vanquished

Notes
Turn   | Place    | Note
-------+----------+-------------------------------------------
     0 | D:1      | H0rd4k the Human Artificer began the quest for the Orb.
     0 | D:1      | Reached XP level 1. HP: 15/15 MP: 1/1
   413 | D:2      | Noticed Jessica
   439 | D:2      | Reached XP level 2. HP: 3/21 MP: 2/2
   458 | D:2      | HP: 1/21 [constriction (1)]
   758 | D:2      | Found a faded altar of an unknown god.
  1245 | D:1      | Reached XP level 3. HP: 26/26 MP: 3/3
  1574 | D:1      | HP: 1/26 [jackal (1)]
  1575 | D:1      | Slain by a jackal

Illustrated notes

Levels and vault maps discovered:
D:1:      psy_arrival_wood_between_worlds, layout_loops_ring,
          minmay_misc_feat_square
D:2:      layout_loops_cross, serial_shops, nicolae_shop_crystal,
          shapermc_ecumenical_altar_mp_urbaneastern, hex_tiny, uniq_jessica

Action                   || total
-------------------------++-------
Melee: Club              ||   104
Evoke: Wand              ||     8
 Stab: Sleeping          ||     2
Armor: Leather armour    ||    35
Dodge: Dodged            ||    82
